 Dungeon Crawl Stone Soup version 0.20-a0-640-g62ed22f (webtiles) character file.

73 polly the Ruffian (level 4, 44/44 HPs)
             Began as a Troll Berserker on Feb 12, 2017.
             Was a Believer of Trog.
             Quit the game on level 3 of the Dungeon.
             The game lasted 00:02:31 (2038 turns).

polly the Ruffian (Troll Berserker)                 Turns: 2038, Time: 00:02:32

Health: 44/44      AC:  5    Str: 25    XL:     4   Next: 8%
Magic:  3/3        EV: 10    Int:  4    God:    Trog [**....]
Gold:   150        SH:  0    Dex:  9    Spells: 3/3 levels left

rFire    . . .     SeeInvis .     - Unarmed
rCold    . . .     Gourm    +   a - +0 animal skin
rNeg     . . .     Faith    .   (no shield)
rPois    .         Spirit   .   (helmet restricted)
rElec    .         Reflect  .   (no cloak)
rCorr    .         Harm     .   (gloves unavailable)
MR       .....                  (boots unavailable)
Stlth    +.........             (no amulet)
Regen    0.6/turn               (no ring)
MPRegen  0.1/turn               (no ring)

@: no status effects
A: unfitting armour, claws 3, fast metabolism 3, gourmand, regeneration 1,
shaggy fur 1, tough skin 2
a: Berserk, Trog's Hand, Burn Spellbooks, Renounce Religion


You were on level 3 of the Dungeon.
You worshipped Trog.
Trog was pleased with you.
You were full.

You visited 1 branch of the dungeon, and saw 3 of its levels.

You collected 150 gold pieces.

Inventory:

Armour
 a - a +0 animal skin (worn)
Jewellery
 l - an uncursed ring of ice {unknown}
Wands
 p - a wand of scattershot (1/9)
Scrolls
 c - 6 scrolls of identify {unknown}
 f - a scroll of fear {unknown}
 g - a scroll of amnesia {unknown}
 h - 2 scrolls of enchant weapon {unknown}
 j - 5 scrolls of teleportation {unknown}
Potions
 d - a potion of haste {unknown}
 e - a potion of agility {unknown}
 i - 3 potions of mutation {unknown}
 o - a potion of berserk rage {unknown}
Books
 n - a book of the Dragon

   Spells                             Type                      Level
   a - Flame Tongue                   Conjuration/Fire             1
   b - Cause Fear                     Hexes                        4
   c - Bolt of Fire                   Conjuration/Fire             6
   d - Dragon Form                    Transmutation                7
   e - Dragon's Call                  Summoning                    9
   Trog disapproves of the use of such an item.
Comestibles
 b - a bread ration
 k - 2 meat rations
 m - a fruit


   Skills:
 + Level 2.8 Fighting
 + Level 2.9 Dodging
 + Level 0.1 Stealth
 * Level 4.0 Unarmed Combat


You had 3 spell levels left.
You didn't know any spells.

Dungeon Overview and Level Annotations

Branches:
Dungeon (3/15)

Altars:
Okawaru
Xom


Innate Abilities, Weirdness & Mutations

You are too large for most types of armour.
You have claws for hands.
Your metabolism is lightning-fast.
You like to eat raw meat.
Your natural rate of healing is unusually fast.
You are covered in fur. (AC +1)
You have very tough skin. (AC +2)


Message History

j - 5 scrolls labeled TOOMPO PIBALELU (gained 1)
There is an escape hatch in the ceiling here.
An orc comes into view.
The orc shouts!
Found 3 scrolls labeled TOOMPO PIBALELU.
An orc is nearby!
The orc barely misses you.
Found a glowing mace.
You claw the orc!
You kill the orc!
Trog accepts your kill.
No target in view!
No target in view!
No target in view!
No target in view!
No target in view!
No target in view!
No target in view!
No target in view!
Are you sure you want to abandon this character and quit the game? (Confirm with "yes".)

....... #.########
......... ####.........
#.......# #............
........# #..##.########
............ #.#
#8...8..#######.##
...8....####.....#
..........##.....#######
.......@#..#............
#...?..[##....<.........
.#......####.....#######
#.#.....# #.....#
##.#....# #.....# #
.#...# ####### ##.#..#
##)#.#


There were no monsters in sight!

Vanquished Creatures
  3 adders
  A worm (D:3)
  A leopard gecko (D:2)
  3 orcs (D:3)
  4 goblins
  5 hobgoblins
  3 jackals (D:3)
  4 bats
  3 frilled lizards (D:1)
  6 kobolds
  7 rats
40 creatures vanquished.

Notes
Turn   | Place    | Note
-------+----------+-------------------------------------------
     0 | D:1      | polly the Troll Berserker began the quest for the Orb.
     0 | D:1      | Reached XP level 1. HP: 22/22 MP: 0/0
   330 | D:1      | Reached XP level 2. HP: 29/29 MP: 1/1
  1002 | D:2      | Reached XP level 3. HP: 30/36 MP: 2/2
  1003 | D:2      | Reached ** piety under Trog
  1928 | D:3      | Found an iron altar of Okawaru.
  1931 | D:3      | Reached skill level 4 in Unarmed Combat
  1935 | D:3      | Reached XP level 4. HP: 42/44 MP: 3/3
  1995 | D:3      | Found a shimmering altar of Xom.
  2038 | D:3      | Quit the game

Vault maps used:
D:1:      lemuel_arrival_lava_pool, serial_park_tiny_1, minivault_27
D:3:      wad_pebble_path, lemuel_round_altar, overflow_temple_1_default

Skill      XL: |  1  2  3 |
---------------+----------+-----
Unarmed Combat | 4 |  4.0
Fighting       | |  2.8
Dodging        | |  2.9
Stealth        | |  0.1

Action                   |  1- 3 |  4- 6 || total
-------------------------+-------+-------++-------
Melee: Unarmed           |    81 |     4 ||    85
  Eat: Chunk             |    11 |     6 ||    17
       Bread ration      |     1 |       ||     1
Armor: Animal skin       |    24 |     1 ||    25
Dodge: Dodged            |    36 |     1 ||    37
